Map: [ESL] Equilibrium

Players

Harstem - Winner!

  • Race: Protoss Protoss
  • League: Master
  • Spawn Location: 11:00

Bunny

  • Race: Terran Terran
  • Spawn Location: 1:00

Event: IEM Katowice 2024

VOD

Have the link to the VOD?

Description

Time

  • Played on: Dec. 9, 2023, 8:45 p.m.
  • Length: 26:42

All games in this series

Show
View Real Time Build Order
Export as new Build Order

Harstem Protoss - Winner!

Build Orders: 1 Gate Expand, Phoenix Opening, Mass Phoenix, Colossus Rush 

Get SALT Encoding   

  12  0:00  Probe  
  13  0:12  Probe  
  14  0:17  Pylon  
  14  0:24  Probe (Chrono Boost)  
  15  0:36  Gateway, Probe (Chrono Boost)  
  16  0:44  Probe (Chrono Boost)  
  16  0:46  Assimilator  
  17  0:51  Probe  
  18  1:03  Probe  
  19  1:15  Probe  
  20  1:24  Cybernetics Core  
  20  1:34  Nexus  
  20  1:39  Pylon  
  20  1:42  Probe  
  21  1:48  Assimilator  
  22  1:54  Probe  
  22  1:58  Adept (Chrono Boost)  
  24  2:06  Probe  
  25  2:18  Stargate, Probe  
  25  2:21  Adept (Chrono Boost)  
  28  2:30  Probe  
  28  2:35  Warp Gate  
  30  2:46  Probe x2 (Chrono Boost)  
  31  2:56  Probe (Chrono Boost)  
  31  2:58  Probe (Chrono Boost)  
  33  3:01  Probe (Chrono Boost)  
  33  3:02  Phoenix  
  36  3:07  Probe (Chrono Boost)  
  37  3:13  Probe (Chrono Boost)  
  37  3:15  Robotics Facility  
  39  3:21  Pylon  
  39  3:24  Probe (Chrono Boost)  
  39  3:25  Probe (Chrono Boost)  
  40  3:28  Assimilator  
  40  3:30  Assimilator, Probe (Chrono Boost)  
  40  3:31  Probe (Chrono Boost)  
  40  3:33  Phoenix (Chrono Boost)  
  44  3:39  Probe  
  45  3:43  Probe  
  45  3:44  Gateway  
  46  3:51  Probe  
  46  3:55  Probe  
  48  3:56  Phoenix (Chrono Boost)  
  48  3:59  Pylon  
  50  4:03  Probe  
  50  4:07  Shield Battery, Probe  
  52  4:12  Phoenix  
  54  4:18  Robotics Bay, Probe  
  54  4:21  Probe  
  56  4:30  Probe  
  57  4:32  Pylon  
  57  4:33  Probe  
  57  4:37  Phoenix  
  60  4:45  Observer (Chrono Boost)  
  61  4:47  Nexus  
  61  4:50  Pylon  
  61  4:52  Probe  
  62  4:54  Probe  
  63  5:02  Phoenix  
  63  5:04  Probe  
  63  5:05  Colossus (Chrono Boost)  
  63  5:06  Probe  
  73  5:16  Pylon, Probe  
  73  5:18  Probe  
  73  5:20  Sentry  
  77  5:33  Extended Thermal Lance, Probe  
  77  5:34  Phoenix  
  77  5:35  Pylon, Probe  
  81  5:43  Shield Battery  
  81  5:45  Probe  
  82  5:56  Probe  
  83  5:59  Phoenix  
  83  6:01  Colossus (Chrono Boost)  
  91  6:07  Probe  
  91  6:13  Probe  
  90  6:18  Probe  
  90  6:19  Probe  
  90  6:20  Forge  
  90  6:22  Gateway  
  90  6:24  Twilight Council, Phoenix  
  90  6:25  Gateway, Probe  
  95  6:27  Zealot x2  
  99  6:37  Probe  
  100  6:40  Pylon x2  
  100  6:41  Pylon  
  100  6:45  Protoss Ground Weapons Level 1 (Chrono Boost)  
  100  6:48  Probe  
  100  6:52  Shield Battery  
  100  6:53  Photon Cannon  
  101  6:56  Colossus (Chrono Boost)  
  101  7:00  Zealot x2  
  107  7:16  Charge (Chrono Boost)  
  107  7:18  Zealot  
  108  7:26  Gateway  
  108  7:29  Gateway  
  107  7:31  Gateway  
  107  7:33  Nexus, Gateway  
  107  7:36  Pylon  
  107  7:37  Probe  
  107  7:38  Observer (Chrono Boost)  
  107  7:41  Zealot x4, Forge  
  115  7:44  Pylon  
  115  7:47  Probe  
  116  7:51  Pylon  
  116  7:54  Probe  
  116  7:55  Probe  
  118  7:59  Probe  
  118  8:04  Pylon  
  119  8:06  Zealot x4, Probe  
  119  8:07  Warp Prism (Chrono Boost)  
  129  8:15  Photon Cannon  
  128  8:20  Unknown  
  128  8:24  Zealot x2  
  132  8:34  Zealot x5  
  132  8:35  Photon Cannon  
  140  8:51  Zealot x3  
  140  8:57  Zealot x5  
  145  9:04  Protoss Ground Weapons Level 2 (Chrono Boost)  
  145  9:06  Blink (Chrono Boost)  
  145  9:07  Probe x2  
  139  9:15  Forge  
  139  9:17  Gateway  
  139  9:21  Stalker x5  
  147  9:28  Unknown  
  147  9:30  Zealot x2  
  151  9:36  Photon Cannon  
  146  9:40  Zealot  
  146  9:43  Protoss Ground Armor Level 1 (Chrono Boost)  
  147  9:51  Probe  
  148  9:59  Zealot x6  
  160  10:03  Templar Archives  
  160  10:05  Pylon  
  162  10:11  Robotics Facility  
  154  10:14  Pylon  
  154  10:18  Observer (Chrono Boost), Stalker x3  
  161  10:32  Probe  
  161  10:33  Disruptor (Chrono Boost)  
  165  10:42  High Templar  
  165  10:43  High Templar x3, Zealot x5  
  165  10:46  Probe, Pylon  
  165  10:48  Archon x2, Pylon  
  183  10:50  Pylon x2  
  183  10:51  Pylon  
  183  10:54  Pylon  
  183  10:55  Pylon  
  183  10:57  Gravitic Drive (Chrono Boost)  
  183  11:04  Observer (Chrono Boost), Pylon  
  188  11:11  Disruptor (Chrono Boost)  
  188  11:21  Disruptor (Chrono Boost)  
  188  11:22  Nexus  
  188  11:24  Pylon  
  189  11:41  Protoss Ground Weapons Level 3 (Chrono Boost)  
  189  11:44  Disruptor (Chrono Boost)  
  189  11:46  Protoss Ground Armor Level 2 (Chrono Boost)  
  191  11:48  Stalker x3  
  191  11:49  Stalker x3  
  191  11:52  Photon Cannon  
  191  11:53  Photon Cannon  
  197  11:55  Photon Cannon  
  197  12:00  Disruptor  
  197  12:07  Stalker  
  197  12:08  Probe  
  200  12:09  Gateway  
  200  12:14  Gateway  
  197  12:16  Observer  
  197  12:20  Stalker  
  199  12:27  Probe  
  199  12:28  Dark Shrine  
  194  12:31  Observer, Shield Battery  
  194  12:33  Photon Cannon  
  194  12:35  Stalker x5  
  194  12:36  Photon Cannon  
  198  12:53  Photon Cannon  
  198  12:56  Photon Cannon  
  184  12:58  Pylon  
  184  13:00  Stalker x2  
  184  13:01  Stalker x6  
  197  13:10  Probe  
  198  13:22  Nexus  
  198  13:26  Pylon  
  198  13:30  Disruptor (Chrono Boost)  
  200  13:38  Disruptor (Chrono Boost), Zealot x5  
  200  13:39  Stalker x4  
  200  13:40  Shadow Stride (Chrono Boost)  
  200  13:45  Photon Cannon  
  200  13:48  Photon Cannon x2  
  196  13:56  Disruptor (Chrono Boost)  
  198  14:06  Protoss Ground Armor Level 3 (Chrono Boost)  
  198  14:08  Stalker  
  196  14:18  Disruptor  
  196  14:23  Dark Templar  
  196  14:24  Dark Templar x2, Stalker x3  
  188  14:25  Zealot x3  
  186  14:46  Observer  
  186  14:48  Disruptor  
  186  14:50  Probe  
  186  14:51  Probe x2  
  185  14:53  Robotics Facility, Probe  
  185  14:55  Assimilator x2  
  185  14:57  Zealot x5, Stalker x5  
  195  15:22  Disruptor (Chrono Boost)  
  191  15:31  Disruptor (Chrono Boost)  
  171  15:35  Zealot  
  171  15:36  Zealot x10  
  171  15:37  Disruptor (Chrono Boost)  
  197  15:51  Assimilator  
  197  15:54  Assimilator  
  197  15:57  Photon Cannon  
  197  16:00  Photon Cannon  
  197  16:01  Dark Templar  
  199  16:06  Observer  
  198  16:14  Nexus  
  196  16:37  Stalker x2  
  200  16:52  Stalker x2  
  200  17:02  Pylon  
  200  17:03  Photon Cannon  
  192  17:14  Stalker x5  
  190  17:23  Probe x2  
  190  17:25  Stalker x4  
  190  17:27  Nexus  
  198  17:44  Fleet Beacon, Pylon  
  198  17:45  Pylon  
  198  17:46  Observer x2  
  199  17:54  Phoenix (Chrono Boost)  
  199  17:55  Pylon  
  198  18:08  Stalker x2  
  198  18:23  Observer x2  
  198  18:26  Gravitic Boosters (Chrono Boost)  
  200  18:37  Photon Cannon  
  200  18:39  Photon Cannon  
  200  18:40  Pylon  
  192  18:44  Disruptor x2  
  192  18:47  Dark Templar  
  192  18:48  Observer  
  198  18:54  Pylon  
  198  18:59  Pylon  
  192  19:09  Observer  
  189  19:16  Zealot x9  
  199  19:18  Assimilator  
  199  19:23  Assimilator  
  185  19:38  Zealot x3  
  185  19:39  Zealot x5  
  185  19:41  Probe  
  196  19:51  Assimilator  
  196  19:54  Stalker  
  196  19:55  Stalker  
  196  19:56  Protoss Shields Level 1  
  196  19:57  Assimilator  
  196  20:15  Photon Cannon  
  196  20:17  Photon Cannon, Stalker x6  
  196  20:18  Zealot, Pylon  
  196  20:21  Assimilator  
  196  20:24  Assimilator  
  184  20:37  Zealot, Stalker x3  
  184  20:40  Disruptor x2  
  186  20:51  Zealot x7  
  192  21:15  Disruptor  
  192  21:16  Disruptor  
  196  21:19  Observer  
  196  21:20  Zealot x2  
  199  21:26  Observer  
  194  21:53  Stalker x3  
  200  21:57  Observer  
  200  21:58  Stalker  
  200  21:59  Stalker x2  
  196  22:12  Stalker  
  184  22:16  Stalker x7  
  184  22:20  Mothership (Chrono Boost)  
  188  22:32  Probe x3  
  188  22:33  Probe  
  188  22:34  Observer  
  192  22:40  Disruptor x2  
  190  22:44  Dark Templar x5  
  194  22:52  Dark Templar x3  
  197  23:15  Stalker x2  
  197  23:39  Dark Templar  
  189  23:51  Dark Templar x3  
  189  23:52  Dark Templar  
  193  24:02  Nexus  
  189  24:07  Pylon  
  172  24:11  Disruptor (Chrono Boost)  
  172  24:15  Stalker x7  
  192  24:20  Disruptor (Chrono Boost)  
  196  24:27  Stalker x2  
  198  24:42  Dark Templar x2  
  186  24:47  Stalker x6  
  198  24:58  Dark Templar x2  
  188  25:16  Dark Templar x2  
  188  25:19  Stalker x4  
  198  25:43  Dark Templar x2  
  196  25:51  Stalker  
  196  25:52  Stalker x3  
  196  26:23  Stalker x6  
  198  26:26  Stalker  
Show
View Real Time Build Order
Export as new Build Order

Bunny Terran 

Build Orders: Reaper Expand 

Get SALT Encoding   

  12  0:00  SCV  
  13  0:12  SCV  
  14  0:17  Supply Depot  
  14  0:24  SCV  
  15  0:38  SCV  
  15  0:40  Barracks  
  16  0:42  Refinery  
  16  0:51  SCV  
  17  1:03  SCV  
  18  1:15  SCV  
  19  1:27  Orbital Command, Reaper  
  20  1:38  Command Center  
  20  1:49  Supply Depot  
  20  1:52  SCV  
  21  1:59  Marine  
  22  2:05  SCV  
  22  2:06  Factory  
  23  2:11  Refinery  
  23  2:17  SCV  
  23  2:19  Bunker  
  23  2:22  Barracks Reactor  
  24  2:29  SCV  
  25  2:41  SCV  
  26  2:50  Orbital Command  
  28  2:51  Hellion  
  28  2:53  SCV  
  28  2:55  Starport  
  29  2:59  Marine x2  
  29  3:05  SCV  
  32  3:12  Cyclone  
  34  3:17  Marine x2, SCV  
  34  3:19  SCV  
  38  3:26  Supply Depot  
  38  3:31  Viking  
  38  3:33  SCV  
  41  3:34  SCV  
  41  3:37  Marine  
  41  3:38  Marine  
  44  3:45  SCV  
  44  3:46  SCV  
  44  3:47  Barracks  
  46  3:53  Barracks  
  46  3:56  Factory Tech Lab  
  46  3:58  SCV  
  47  4:02  Starport Tech Lab  
  47  4:03  SCV  
  47  4:05  Supply Depot  
  47  4:07  Marine x2  
  50  4:11  SCV  
  50  4:15  SCV  
  50  4:23  SCV  
  51  4:24  Engineering Bay  
  51  4:28  SCV  
  51  4:29  Marine x2  
  51  4:30  Starport Reactor  
  52  4:33  Factory Reactor  
  52  4:36  SCV  
  51  4:40  SCV  
  51  4:41  Engineering Bay  
  52  4:47  Marine x2  
  52  4:48  SCV  
  52  4:49  Marine  
  52  4:50  Stimpack  
  52  4:52  SCV  
  57  4:55  Terran Infantry Weapons Level 1  
  57  4:56  Refinery  
  57  4:57  Supply Depot  
  57  4:58  Combat Shield  
  57  4:59  Marine  
  55  5:00  SCV  
  55  5:02  Missile Turret  
  55  5:04  SCV  
  57  5:07  Marine x2  
  57  5:08  Marine  
  57  5:09  Medivac  
  62  5:18  Medivac, Marine, SCV  
  62  5:19  Widow Mine, SCV  
  62  5:20  Supply Depot  
  69  5:23  Supply Depot  
  69  5:29  Refinery  
  69  5:30  Marine  
  70  5:41  Supply Depot  
  70  5:42  Marauder, Widow Mine, SCV x2, Marine  
  77  5:44  Medivac, Supply Depot  
  77  5:47  Marauder  
  81  5:53  Medivac  
  82  6:00  Marine x2  
  84  6:04  Command Center  
  84  6:06  Widow Mine x2  
  84  6:11  Marauder  
  84  6:12  Marauder  
  84  6:15  SCV x2  
  84  6:17  Medivac  
  84  6:18  Marine x2  
  91  6:23  Medivac  
  95  6:27  SCV x2  
  97  6:36  Concussive Shells  
  97  6:39  SCV x2  
  99  6:40  Barracks, Supply Depot  
  99  6:41  Barracks  
  99  6:45  Marine x4  
  101  6:49  Terran Infantry Armor Level 1  
  101  6:56  SCV, Supply Depot  
  102  7:01  SCV  
  102  7:02  Widow Mine x2  
  102  7:06  Supply Depot  
  102  7:07  Marauder x2  
  110  7:11  Marine  
  110  7:12  Marine  
  110  7:15  Medivac x2  
  110  7:21  SCV x2  
  110  7:23  Widow Mine x2  
  114  7:30  Barracks Reactor, Barracks Tech Lab  
  114  7:35  SCV x2  
  116  7:41  Marauder x2  
  120  7:44  Marine x2, Ghost Academy  
  120  7:47  SCV  
  120  7:48  Orbital Command, SCV  
  120  7:50  Widow Mine  
  120  7:51  Widow Mine  
  126  7:53  Armory  
  126  7:54  Supply Depot  
  126  7:58  Marauder  
  128  8:00  SCV x2  
  128  8:02  Marine x2  
  128  8:05  Viking  
  134  8:12  Marauder x2, SCV  
  139  8:19  Marauder, Marine x2  
  143  8:21  Viking  
  143  8:22  Widow Mine x2  
  143  8:26  Supply Depot x2  
  149  8:43  Marine x3  
  149  8:44  Marine  
  149  8:46  Marauder  
  149  8:48  Marauder x2  
  153  8:49  Widow Mine x2  
  153  8:52  SCV x2  
  153  8:53  SCV  
  146  9:01  Marine x3  
  146  9:05  Viking  
  146  9:06  Ghost  
  146  9:08  Ghost x2, Marine  
  154  9:10  Command Center  
  154  9:14  Widow Mine x2  
  154  9:15  SCV  
  154  9:16  SCV x2  
  151  9:22  Supply Depot x2, Refinery  
  151  9:24  Marine x2  
  151  9:26  Missile Turret  
  151  9:30  Viking  
  151  9:34  Marine  
  151  9:35  Viking, Marine  
  159  9:46  Refinery  
  159  9:48  Marine x2  
  159  9:50  Ghost x2  
  163  9:53  SCV x2  
  163  9:54  SCV  
  163  9:57  Terran Infantry Weapons Level 2  
  163  9:59  Engineering Bay  
  160  10:00  Marine  
  160  10:01  Marine  
  160  10:07  Sensor Tower  
  160  10:08  Supply Depot  
  160  10:09  Missile Turret  
  160  10:11  Viking  
  162  10:15  Viking  
  162  10:16  Marine  
  162  10:17  Marine  
  162  10:18  Marine x2, SCV x3  
  171  10:21  Planetary Fortress  
  167  10:32  SCV  
  167  10:34  Terran Infantry Armor Level 2, Marine  
  167  10:35  Marine  
  170  10:36  Marine x2  
  170  10:39  Marauder  
  170  10:40  Marauder x2  
  178  10:46  Viking  
  178  10:48  Starport  
  180  10:52  Viking, Marine x2  
  180  10:54  Marine x2  
  180  10:57  SCV x3  
  188  10:58  SCV  
  188  11:00  Refinery  
  188  11:01  Refinery  
  188  11:03  Widow Mine x2  
  194  11:07  Command Center  
  194  11:09  Ghost  
  196  11:13  Missile Turret  
  196  11:15  Personal Cloaking  
  196  11:19  Ghost  
  198  11:27  Starport Reactor  
  198  11:35  Fusion Core  
  198  11:37  Missile Turret  
  198  11:50  Ghost x2  
  198  11:51  Missile Turret  
  198  11:52  Command Center  
  198  11:53  Command Center  
  198  11:56  Terran Ship Weapons Level 1  
  198  11:57  Viking  
  198  11:59  Viking  
  200  12:04  Barracks  
  200  12:05  Barracks  
  200  12:08  Barracks  
  200  12:19  Ghost x3  
  200  12:20  Liberator  
  200  12:22  SCV x3  
  200  12:41  Advanced Ballistics  
  200  12:43  Terran Infantry Weapons Level 3  
  196  12:49  Missile Turret  
  196  12:50  Missile Turret  
  190  12:57  Liberator x2  
  187  13:00  Orbital Command  
  187  13:08  Medivac x2  
  187  13:11  Missile Turret  
  191  13:16  Orbital Command, Missile Turret  
  191  13:24  Sensor Tower  
  191  13:25  Widow Mine x2  
  191  13:26  Missile Turret  
  195  13:31  Barracks Reactor, Barracks Tech Lab  
  195  13:32  Barracks Tech Lab  
  186  13:38  Planetary Fortress, Liberator x2  
  192  13:41  Unknown, Command Center  
  192  13:45  Liberator  
  192  13:46  Liberator  
  198  13:49  Missile Turret, Widow Mine  
  195  14:05  Widow Mine  
  187  14:20  Marauder x3  
  187  14:21  Liberator x2  
  187  14:22  Marine x5  
  187  14:23  Marine  
  191  14:25  SCV  
  191  14:28  Liberator, Medivac  
  191  14:30  Missile Turret  
  197  14:37  SCV  
  195  14:43  Marauder  
  195  14:44  Marine x2  
  189  14:48  Marine x3  
  189  14:49  SCV  
  189  14:51  Ghost x3  
  189  14:54  SCV  
  189  14:56  SCV x3  
  189  14:58  Liberator  
  192  15:01  SCV  
  189  15:07  Liberator x2  
  189  15:13  Missile Turret  
  195  15:20  Marauder  
  192  15:25  Ghost x2  
  192  15:26  Ghost  
  192  15:27  Orbital Command  
  184  15:37  Liberator  
  184  15:41  Liberator  
  187  15:48  SCV  
  187  15:49  SCV x2  
  190  15:50  Liberator  
  190  15:52  Sensor Tower, Marine x2  
  195  15:59  Missile Turret  
  195  16:01  Missile Turret  
  195  16:14  Marauder x2  
  189  16:19  Marine x2  
  190  16:31  Marauder x2  
  192  16:42  Marauder x2  
  192  16:43  Command Center  
  192  16:44  Marauder  
  198  16:52  Marauder  
  198  16:53  Marauder  
  195  17:13  Marauder  
  195  17:14  Marauder x2  
  195  17:23  Terran Ship Weapons Level 2, Terran Infantry Armor Level 3  
  195  17:26  Nuke  
  195  17:27  Liberator x2  
  198  17:33  Caduceus Reactor  
  198  17:39  Missile Turret  
  198  17:49  Refinery  
  198  17:51  Command Center  
  198  17:52  Missile Turret  
  198  17:53  Sensor Tower  
  198  17:55  Missile Turret  
  198  18:26  Liberator x2  
  200  18:29  Command Center  
  186  18:42  Liberator  
  186  18:43  Liberator  
  182  18:51  Marauder x3  
  182  18:55  Planetary Fortress  
  188  18:58  SCV  
  189  19:09  Liberator x2  
  184  19:19  Marine  
  184  19:20  Nuke  
  183  19:24  Widow Mine  
  183  19:25  Liberator x2  
  183  19:30  Marauder x2  
  187  19:32  Marine x2  
  178  19:48  Missile Turret  
  178  19:50  Orbital Command  
  178  19:52  Liberator x2  
  184  19:59  Widow Mine x2  
  188  20:01  Sensor Tower  
  188  20:05  Ghost x2  
  188  20:06  Ghost  
  194  20:08  Liberator x2  
  198  20:18  Orbital Command  
  196  20:21  Missile Turret  
  187  20:34  Liberator, Marine  
  187  20:35  Liberator, Marauder x4  
  182  20:51  Liberator x2  
  182  20:54  Marauder  
  182  20:56  Marauder x2  
  194  21:15  Marine  
  194  21:16  Marine x3, Marauder x2  
  194  21:17  Liberator x2  
  194  21:35  Ghost x3  
  200  22:08  Liberator  
  193  22:09  Ghost x3  
  193  22:10  Command Center, Refinery x2  
  193  22:11  Terran Ship Weapons Level 3  
  193  22:14  Medivac x2  
  195  22:28  Liberator  
  191  22:37  Planetary Fortress  
  190  22:44  Missile Turret  
  184  23:03  Supply Depot x2  
  184  23:04  Supply Depot x2  
  184  23:06  Supply Depot x2  
  184  23:22  Liberator x2, Medivac  
  184  23:24  Liberator  
  195  23:29  Neosteel Armor  
  192  23:53  Marauder x4  
  200  24:00  Command Center  
  194  24:06  Marauder, Marine  
  165  24:10  Liberator x3  
  165  24:14  Marauder x4  
  165  24:17  Marine x5  
  186  24:24  Marine  
  186  24:28  Marauder  
  184  24:34  Marine  
  184  24:35  Marauder x2, Marine x2  
  182  24:45  Ghost x2  
  176  24:48  Terran Vehicle And Ship Armor Level 1  
  171  24:54  Missile Turret, Marine  
  171  24:55  Marine x6  
  166  25:06  Marine x2  
  162  25:12  Marine  
  163  25:14  Ghost x2  
  163  25:28  Medivac  
  157  25:39  Reaper  
  115  26:15  Marauder x2  
  115  26:20  Marine x3  

Tags
 
Add a new tag
Caveats
  • Supply blocks, unpowered buildings, or Contaminate may cause inaccurate times.
  • Supply counts are checked every 10 seconds.